 Dungeon Crawl Stone Soup version 0.25.0-1-g7eea58d2a3 (webtiles) character file.

Game seed: 14477592918836239839

2188 Anothat the Protected (level 9, -6/78 HPs)
             Began as a Hill Orc Necromancer on June 13, 2020.
             Was an Initiate of Beogh.
             Engulfed by a steam dragon's steam (21 damage)
             ... on level 7 of the Dungeon.
             The game lasted 00:26:18 (9910 turns).

Anothat the Protected (Hill Orc Necromancer)        Turns: 9910, Time: 00:26:19

Health: -6/78      AC:  7    Str: 14    XL:     9   Next: 33%
Magic:  11/12      EV: 11    Int: 15    God:    Beogh [......]
Gold:   475        SH:  0    Dex: 11    Spells: 7/12 levels left

rFire    . . .     SeeInvis .   y - +0 war axe
rCold    . . .     Gourm    .   (no shield)
rNeg     . . .     Faith    .   e - +3 leather armour
rPois    .         Spirit   .   (no helmet)
rElec    .         Reflect  .   G - scarf {repulsion}
rCorr    .         Harm     .   (no gloves)
MR       .....                  (no boots)
Stlth    +.........             (no amulet)
HPRegen  0.23/turn              (no ring)
MPRegen  0.13/turn              (no ring)

@: mighty, slowed, drained, repel missiles, very slow
A: no striking features
a: Renounce Religion


You were on level 7 of the Dungeon.
You worshipped Beogh.
Beogh was noncommittal.
You were hungry.

You visited 1 branch of the dungeon, and saw 7 of its levels.

You collected 475 gold pieces.

Inventory:

Hand Weapons
 f - the cursed +2 dagger "Taroill" {antimagic, +Blink +Fly MP-9}
   (You found it on level 5 of the Dungeon)

   It reduces the magical energy of the wielder, and disrupts the spells and
   magical abilities of those hit.
   Natural abilities and divine invocations are not affected.
   It affects your magic capacity (-9).
   It lets you fly.
   It lets you blink.
   It has a curse placed upon it.
 k - a +0 spear
 y - a +0 war axe (weapon)
Missiles
 g - 2 throwing nets (quivered)
Armour
 a - a +0 robe
 e - a +3 leather armour (worn)
 n - a +0 plate armour
 x - a +2 cloak
 G - a scarf of repulsion (worn)
Jewellery
 b - an uncursed ring of resist corrosion {unknown}
 h - a +6 ring of intelligence {unknown}
 p - an uncursed ring of see invisible {unknown}
 q - a +4 ring of evasion {unknown}
Wands
 t - a wand of polymorph (11)
 E - a wand of digging (3)
Scrolls
 d - 2 scrolls of fear {unknown}
 i - 3 scrolls of teleportation
 j - a scroll of enchant armour
 l - 7 scrolls of identify
 m - 2 scrolls of amnesia
 o - 4 scrolls of remove curse {unknown}
 r - 2 scrolls of enchant weapon {unknown}
 w - a scroll of blinking {unknown}
 A - a scroll of fog {unknown}
 F - a scroll of torment {unknown}
Potions
 s - a potion of might
 u - 2 potions of flight
 v - 2 potions of degeneration {unknown}
 z - a potion of magic
 C - a potion of ambrosia {unknown}
Comestibles
 c - 13 rations


   Skills:
 + Level 6.5(5.6) Fighting
 * Level 7.7(6.7) Axes
 * Level 8.8(7.9) Armour
 - Level 1.5(0.8) Dodging
 - Level 1.5(0.8) Stealth
 - Level 2.1(1.4) Spellcasting
 - Level 4.9(4.1) Necromancy


You had 7 spell levels left.
You knew the following spells:

 Your Spells              Type           Power        Failure   Level  Hunger
a - Pain                  Necr           ##..         5%          1    ##.....
b - Animate Skeleton      Necr           N/A          5%          1    ##.....
c - Vampiric Draining     Necr           ##........   16%         3    ####...

Your spell library contained the following spells:

 Spells                   Type           Power        Failure   Level  Hunger
 Summon Small Mammal      Summ           #...         28%         1    ##.....
 Call Imp                 Summ           #.......     38%         2    ###....
 Animate Dead             Necr           N/A          45%         4    #####..
 Call Canine Familiar     Summ           #.......     63%         3    ####...
 Summon Guardian Golem    Hex/Summ       #.......     63%         3    ####...
 Agony                    Necr           ##......     82%         5    ######.
 Summon Ice Beast         Ice/Summ       #.......     95%         4    #####..
 Summon Lightning Spire   Summ/Air       #.......     95%         4    #####..


Dungeon Overview and Level Annotations

Branches:
Dungeon (7/15)             Temple (0/1) D:5

Altars:
Cheibriados
Fedhas
Gozag
Makhleb
Okawaru
Uskayaw


Message History

The orc wizard casts a spell.
The orc wizard blinks!
The steam dragon breathes steam at you. The ball of steam hits you!
* * * LOW HITPOINT WARNING * * *
You barely miss the steam dragon.
The steam dragon is moderately wounded.
The steam dragon closely misses you. x2
The steam dragon breathes steam at you. The ball of steam hits you!
* * * LOW HITPOINT WARNING * * *
You feel better.
You are engulfed in a cloud of scalding steam.
The steam dragon closely misses you.
The steam dragon claws you but does no damage.
The steam dragon closely misses you. The steam dragon barely misses you.
It was a potion of might.
You feel very mighty all of a sudden.
You are engulfed in a cloud of scalding steam.
You die...

#.# #. #.# #. #.# #.
..#######.#########.
#.#§................
#.#§#.##############
#.#.#.# #.#.#.#
#.#@#.# ######.#D#.#
#.......o#.######
#.........o....$.
#.......##..#####
#.......# ..#
#.......# D)#
#.....).# ..#
#.......# ..#


You could see a steam dragon (catching breath) and an orc wizard (fast).

Vanquished Creatures
  Grinder (D:5)
  Sigmund (D:2)
  Eustachio (D:5)
  A sky beast (D:6)
  4 ogres
  2 bullfrogs
  A scorpion (D:4)
  A killer bee (D:7)
  A wight (D:6)
  2 howler monkeys
  2 crimson imps
  A bullfrog zombie (D:7)
  2 hounds
  A jelly (D:5)
  5 orc wizards
  A gnoll shaman (D:5)
  8 worker ants
  2 hound skeletons
  A worker ant zombie (D:5)
  7 adders
  3 gnolls (D:5)
  A shadow imp (D:6)
  An adder skeleton (D:5)
  3 worms
  2 dart slugs
  4 leopard geckos
  17 orcs
  A ball python (D:1)
  4 giant cockroaches
  13 goblins
  10 hobgoblins
  13 jackals
  2 quokkas
  12 bats
  7 frilled lizards
  7 kobolds
  10 rats
155 creatures vanquished.

Vanquished Creatures (collateral kills)
  A sky beast (D:7)
  A bullfrog zombie (D:6)
  A hound (D:6)
  An orc (D:6)
4 creatures vanquished.

Vanquished Creatures (others)
  5 killer bees (D:7)
  A crimson imp (D:7)
  A bullfrog zombie (D:7)
  An orc priest (D:7)
  A hound skeleton (D:7)
  An orc (D:7)
  A giant cockroach (D:7)
  A quokka (D:7)
12 creatures vanquished.

Grand Total: 171 creatures vanquished

Notes
Turn   | Place    | Note
-------+----------+-------------------------------------------
     0 | D:1      | Anothat the Hill Orc Necromancer began the quest for the
                  | Orb.
     0 | D:1      | Reached XP level 1. HP: 14/14 MP: 3/3
   434 | D:1      | Reached XP level 2. HP: 6/20 MP: 0/4
  1472 | D:1      | Reached XP level 3. HP: 26/26 MP: 5/5
  1697 | D:1      | Reached skill level 1 in Armour
  2378 | D:2      | Reached XP level 4. HP: 33/33 MP: 7/7
  2937 | D:2      | Noticed Sigmund
  2949 | D:2      | Reached skill level 2 in Armour
  2963 | D:2      | Killed Sigmund
  2963 | D:2      | Reached skill level 3 in Armour
  2963 | D:2      | Reached XP level 5. HP: 28/42 MP: 8/8
  2963 | D:2      | Reached XP level 6. HP: 33/50 MP: 9/9
  3320 | D:3      | Reached skill level 4 in Armour
  3407 | D:3      | Found an opulent altar of Gozag.
  3899 | D:3      | Found a snail-covered altar of Cheibriados.
  4647 | D:4      | Found a hide-covered altar of Uskayaw.
  5052 | D:4      | Reached skill level 5 in Armour
  5316 | D:4      | Found a burning altar of Makhleb.
  5394 | D:4      | Reached XP level 7. HP: 53/57 MP: 10/10
  6110 | D:5      | Entered Level 5 of the Dungeon
  6434 | D:4      | Reached skill level 1 in Axes
  6434 | D:4      | Reached skill level 6 in Armour
  6715 | D:5      | Noticed Grinder
  7066 | D:5      | Paralysed by Grinder for 3 turns
  7071 | D:5      | Killed Grinder
  7071 | D:5      | Reached skill level 5 in Fighting
  7071 | D:5      | Reached XP level 8. HP: 10/68 MP: 11/11
  7406 | D:5      | Got a dazzling dagger
  7420 | D:5      | Identified the cursed +2 dagger "Taroill" {antimagic,
                  | +Blink +Fly MP-9} (You found it on level 5 of the Dungeon)
  7442 | D:5      | Reached skill level 7 in Armour
  7628 | D:5      | Noticed Eustachio
  7653 | D:5      | Killed Eustachio
  7826 | D:5      | Reached skill level 5 in Axes
  8125 | D:5      | Found a staircase to the Ecumenical Temple.
  8219 | D:5      | Found an iron altar of Okawaru.
  8301 | D:5      | Learned a level 1 spell: Animate Skeleton
  8305 | D:5      | Learned a level 3 spell: Vampiric Draining
  8876 | D:6      | Reached skill level 8 in Armour
  8889 | D:6      | Found a blossoming altar of Fedhas.
  8931 | D:6      | Reached XP level 9. HP: 54/75 MP: 12/12
  9183 | D:7      | Became a worshipper of Beogh the Brigand
  9910 | D:7      | Engulfed by a steam dragon's steam

Illustrated notes

Levels and vault maps discovered:
D:1:      dpeg_arrival_castle, layout_rooms, ebering_dispersal_statue_hall
D:2:      layout_rooms, uniq_sigmund
D:3:      layout_loops_corners, kennysheep_slug_shrine, grunt_gozag_breadcrumbs,
          minmay_misc_feat_pillars, minmay_quantized
D:4:      minmay_diamond_boxcup, layout_loops_ring, overflow_temple_1_default,
          lemuel_round_altar, first_ration
D:5:      layout_cave_pools, okawaru_ov_weapons_minmay,
          minmay_temple_entry_nine_rooms, uniq_eustachio, uniq_grinder
D:6:      layout_basic, lemuel_coloured_pillars_altar,
          yredelemnul_altar_generic, lightli_ossuary_entry_decrepit_ruins,
          minmay_diced_spiral
D:7:      layout_loops_ring, nicolae_ru_the_path_less_chosen, basic_altar,
          ebering_ghost_inner_flame

Skill      XL: |  1  2  3  4  5  6  7  8  9 |
---------------+----------------------------+-----
Spellcasting   | 2 |  2.1
Armour         | 1 3 5 6 8 |  8.8
Fighting       | 2 3 5 6 |  6.5
Axes           | 4 6 7 |  7.7
Dodging        | |  1.5
Stealth        | |  1.5
Necromancy     | |  4.9

Action                   |  1- 3 |  4- 6 |  7- 9 || total
-------------------------+-------+-------+-------++-------
Melee: Club              |    10 |       |       ||    10
       Spear             |   207 |   433 |   119 ||   759
       War axe           |       |       |   327 ||   327
 Cast: Pain              |    15 |       |    69 ||    84
       Animate Skeleton  |       |       |     6 ||     6
       Vampiric Draining |       |       |     3 ||     3
Invok: Convert to Beogh  |       |       |     1 ||     1
  Use: Potion            |     1 |     5 |     8 ||    14
       Scroll            |       |       |     4 ||     4
  Eat: Chunk             |     5 |    10 |    11 ||    26
       Ration            |       |       |     2 ||     2
Armor: Robe              |     9 |       |       ||     9
       Plate armour      |   195 |   367 |   232 ||   794
       Leather armour    |       |       |   185 ||   185
Dodge: Dodged            |    48 |    75 |   292 ||   415
